 Dungeon Crawl Stone Soup version 0.28-a0-1493-g08698888e4 (webtiles) character file.

Game seed: 12795023043690794

119 iamoutofideas the Prestidigitator (level 5, -6/37 HPs)
             Began as a Gnoll Wanderer on Jan 12, 2022.
             Mangled by Sigmund (11 damage)
             ... on level 4 of the Dungeon.
             The game lasted 00:03:31 (3155 turns).

iamoutofideas the Prestidigitator (Gnoll Wanderer)  Turns: 3155, Time: 00:03:32

Health: -6/37      AC:  8    Str: 12    XL:     5   Next: 3%
Magic:  7/7        EV: 10    Int: 13    God:
Gold:   253        SH:  0    Dex: 11    Spells: 6/6 levels left

rFire   . . .      SeeInvis .   q - +0 arbalest
rCold   . . .      Faith    .   (shield currently unavailable)
rNeg    . . .      Spirit   .   d - +0 ring mail
rPois   .          Reflect  .   o - +0 helmet
rElec   .          Harm     .   (no cloak)
rCorr   .          Rampage  .   (no gloves)
Will    .....                   (no boots)
Stlth   +.........              (no amulet)
HPRegen 0.12/turn               (no ring)
MPRegen 0.10/turn               (no ring)

@: no status effects
A: fangs 1, strong nose, distributed training
a: no special abilities


You were on level 4 of the Dungeon.
You visited 1 branch of the dungeon, and saw 4 of its levels.

You collected 253 gold pieces.

Inventory:

Hand Weapons
 a - a +0 hunting sling
 q - a +0 arbalest (weapon)
Missiles
 e - 32 sling bullets
 g - 80 stones
 l - 4 boomerangs
 p - 5 bolts (quivered ammo)
Armour
 d - a +0 ring mail (worn)
 o - a +0 helmet (worn)
Jewellery
 n - a ring of ice
Scrolls
 c - a scroll of magic mapping {unknown}
 f - a scroll of teleportation {unknown}
 i - 2 scrolls of immolation {unknown}
 k - 3 scrolls of identify {unknown}
 m - a scroll of fear {unknown}
 s - a scroll of blinking {unknown}
 t - a scroll of noise {unknown}
 u - 2 scrolls of enchant armour {unknown}
Potions
 h - a potion of lignification {unknown}
 j - 2 potions of curing {unknown}
 r - 2 potions of attraction {unknown}
Miscellaneous
 b - a lightning rod (4/4)


   Skills:
 + Level 1.3 Fighting
 + Level 1.3 Short Blades
 + Level 1.3 Long Blades
 + Level 1.3 Axes
 + Level 1.3 Maces & Flails
 + Level 1.3 Polearms
 + Level 1.3 Staves
 + Level 2.8 Slings
 + Level 1.3 Bows
 + Level 1.3 Crossbows
 + Level 1.3 Throwing
 + Level 8.6 Armour
 + Level 1.3 Dodging
 + Level 1.3 Stealth
 + Level 1.3 Shields
 + Level 1.3 Unarmed Combat
 + Level 1.3 Spellcasting
 + Level 1.0 Conjurations
 + Level 1.0 Hexes
 + Level 1.0 Summonings
 + Level 1.0 Necromancy
 + Level 1.0 Translocations
 + Level 1.0 Transmutations
 + Level 1.0 Fire Magic
 + Level 1.0 Ice Magic
 + Level 1.0 Air Magic
 + Level 1.0 Earth Magic
 + Level 1.0 Poison Magic
 + Level 3.0 Invocations
 + Level 8.6 Evocations


You had 6 spell levels left.
You didn't know any spells.
Your spell library contained the following spells:

 Spells                   Type           Power      Damage    Failure   Level
 Ozocubu's Armour         Ice            3%         N/A       71%         3
 Cause Fear               Hex            1%         N/A       98%         4
 Dragon Form              Tmut           1%         N/A       100%        7
 Ozocubu's Refrigeration  Ice            1%         4d5       100%        7
 Dragon's Call            Summ           1%         N/A       100%        9


Dungeon Overview and Level Annotations

Branches:
Dungeon (4/15)             Temple (0/1) D:4

Altars:

Annotations:
D:4 Sigmund


Innate Abilities, Weirdness & Mutations

You have very sharp teeth.
Your uncanny sense of smell can sniff out nearby items.
Your experience applies equally to all skills.


Message History

The goblin hits you but does no damage. Something hits you.
The adder skeleton barely misses you.
You are too injured to fight recklessly!
Unknown command.
The adder skeleton closely misses you. Something hits you.
Found a runed silver ring.
The goblin hits you but does no damage. The goblin hits you but does no damage.
Something hits you but does no damage.
Unknown command.
The goblin closely misses you.
You see here a ring of wizardry.
Fire: 9 bolts
Press: ? - help, Q - select action, (/) - cycle Shift-Dir - straight line, f/p - adder skeleton
Aim: an adder skeleton (62% to hit)
You shoot a bolt. The bolt closely misses the goblin.
The goblin hits you but does no damage. x2
Unknown command.
Unknown command.
Unknown command.
Fire: 8 bolts
Press: ? - help, Q - select action, (/) - cycle Shift-Dir - straight line, f/p - adder skeleton
Aim: an adder skeleton (62% to hit)
You shoot a bolt. The bolt hits the goblin!
You kill the goblin!
Something hits you.
* * * LOW HITPOINT WARNING * * *
Unknown command.
Fire: 7 bolts
Press: ? - help, Q - select action, (/) - cycle Shift-Dir - straight line, f/p - adder skeleton
Aim: an adder skeleton (62% to hit)
You shoot a bolt. Something hits you.
* * * LOW HITPOINT WARNING * * *
Fire: 6 bolts
Press: ? - help, Q - select action, (/) - cycle Shift-Dir - straight line, f/p - adder skeleton
Aim: an adder skeleton (62% to hit)
You shoot a bolt.
The bolt closely misses the adder skeleton.
Something hits you!
You die...

........#.#.###.#.#.# #.#
#######.#.....#.#.#.# #.#
#######...#.....#.#.# #.#
...............>#.#.# #.#
.#####.#.........#.# #.# ∆
..#.###########.# #.#
#.#.............# #.#
#.###.######################.#
#.......((.((Z..@............#
#+###.##############.........####
.(.<(!..# +.........'...
......#.####### #.........####
............... #.........#
..(..##.####### #.........# .....
#.# #.........# (.... #.#
#.........# ..#####'#######
#.........#


You could see an adder skeleton.

Vanquished Creatures
  5 adders
  A worm (D:2)
  An orc (D:3)
  8 endoplasms
  A giant cockroach (D:3)
  9 goblins
  10 hobgoblins
  7 kobolds
  2 quokkas
  10 ball pythons
  7 bats
  A frilled lizard (D:1)
  A rat (D:2)
63 creatures vanquished.

Notes
Turn   | Place    | Note
-------+----------+-------------------------------------------
     0 | D:1      | iamoutofideas the Gnoll Wanderer began the quest for the
                  | Orb.
     0 | D:1      | iamoutofideas set off with the following items: a +0
                  | hunting sling, a lightning rod (4/4), 19 sling bullets, a
                  | +0 ring mail
     0 | D:1      | Reached XP level 1. HP: 13/13 MP: 2/2
   146 | D:1      | Reached XP level 2. HP: 19/19 MP: 3/3
   624 | D:1      | Reached XP level 3. HP: 25/25 MP: 4/4
  1578 | D:2      | Reached skill level 1 in Fighting
  1578 | D:2      | Reached skill level 1 in Short Blades
  1578 | D:2      | Reached skill level 1 in Long Blades
  1578 | D:2      | Reached skill level 1 in Axes
  1578 | D:2      | Reached skill level 1 in Maces & Flails
  1578 | D:2      | Reached skill level 1 in Polearms
  1578 | D:2      | Reached skill level 1 in Staves
  1578 | D:2      | Reached skill level 1 in Bows
  1578 | D:2      | Reached skill level 1 in Crossbows
  1578 | D:2      | Reached skill level 1 in Throwing
  1578 | D:2      | Reached skill level 1 in Dodging
  1578 | D:2      | Reached skill level 1 in Stealth
  1578 | D:2      | Reached skill level 1 in Shields
  1578 | D:2      | Reached skill level 1 in Unarmed Combat
  1578 | D:2      | Reached skill level 1 in Spellcasting
  1580 | D:2      | Reached XP level 4. HP: 32/32 MP: 6/6
  1619 | D:2      | Found a faded altar of an unknown god.
  2242 | D:3      | Reached skill level 1 in Conjurations
  2242 | D:3      | Reached skill level 1 in Hexes
  2242 | D:3      | Reached skill level 1 in Summonings
  2242 | D:3      | Reached skill level 1 in Necromancy
  2242 | D:3      | Reached skill level 1 in Translocations
  2242 | D:3      | Reached skill level 1 in Transmutations
  2242 | D:3      | Reached skill level 1 in Fire Magic
  2242 | D:3      | Reached skill level 1 in Ice Magic
  2242 | D:3      | Reached skill level 1 in Air Magic
  2242 | D:3      | Reached skill level 1 in Earth Magic
  2242 | D:3      | Reached skill level 1 in Poison Magic
  3072 | D:4      | Reached XP level 5. HP: 37/37 MP: 7/7
  3074 | D:4      | Found a staircase to the Ecumenical Temple.
  3132 | D:4      | Noticed Sigmund
  3155 | D:4      | Mangled by Sigmund

Illustrated notes

Levels and vault maps discovered:
D:1:      nicolae_arrival_somewhat_less_tricky_arrival, layout_loops_corners
D:2:      layout_rooms, ebering_ecumenical_altar_mist, minmay_tetromino_s4
D:3:      layout_loops_ring, solitary_fountain, hangedman_abyss_or_decor_stabs,
          serial_bayou_pond_d
D:4:      layout_basic, minmay_temple_entry_offerings, minmay_between,
          uniq_sigmund

Skill      XL: |  1  2  3  4 |
---------------+-------------+-----
Fighting       | 1 |  1.3
Short Blades   | 1 |  1.3
Long Blades    | 1 |  1.3
Axes           | 1 |  1.3
Maces & Flails | 1 |  1.3
Polearms       | 1 |  1.3
Staves         | 1 |  1.3
Bows           | 1 |  1.3
Crossbows      | 1 |  1.3
Throwing       | 1 |  1.3
Dodging        | 1 |  1.3
Stealth        | 1 |  1.3
Shields        | 1 |  1.3
Unarmed Combat | 1 |  1.3
Spellcasting   | 1 |  1.3
Conjurations   | 1 |  1.0
Hexes          | 1 |  1.0
Summonings     | 1 |  1.0
Necromancy     | 1 |  1.0
Translocations | 1 |  1.0
Transmutations | 1 |  1.0
Fire Magic     | 1 |  1.0
Ice Magic      | 1 |  1.0
Air Magic      | 1 |  1.0
Earth Magic    | 1 |  1.0
Poison Magic   | 1 |  1.0
Invocations    | 3 |  3.0
Slings         | |  2.8
Armour         | |  8.6
Evocations     | |  8.6

Action                   |  1- 3 |  4- 6 || total
-------------------------+-------+-------++-------
 Fire: Hunting sling     |   101 |    22 ||   123
       Arbalest          |       |    69 ||    69
Throw: Boomerang         |     2 |       ||     2
Evoke: Lightning rod     |     4 |       ||     4
Armor: Ring mail         |    13 |    25 ||    38
Dodge: Dodged            |    22 |    28 ||    50

Table legend: (Time is in decaauts)
 A = Elapsed time spent in this place.
 B = Non-inter-level travel time spent in this place.
 C = Inter-level travel time spent in this place.
 D = Time resting spent in this place.
 E = Time spent auto-exploring this place.
 F = Levels seen in this place.
 G = Mean time per level.
                   A        B        C        D        E       F      G
               +--------+--------+--------+--------+--------+-----+--------+
         Total |   3220 |   3059 |    161 |    220 |   2366 |   4 |  805.0 |
       Dungeon |   3220 |   3059 |    161 |    220 |   2366 |   4 |  805.0 |
               +--------+--------+--------+--------+--------+-----+--------+

Top non-repeatable levels by time:
     D:1: 1227 daAuts
     D:3: 976 daAuts
     D:2: 735 daAuts
     D:4: 280 daAuts
